 Dungeon Sprint DCSS version 0.23.2-1-ga50397a (webtiles) character file.

Game seed: 5298874615511371597

3332 Fang the Fighter (level 10, -10/72 HPs)
             Began as a Gargoyle Berserker on Apr 24, 2019.
             Was a High Priest of Trog.
             Mangled by a freezing wraith (13 damage)
             ... in the Dungeon (Sprint V: "Ziggurat Sprint").
             The game lasted 00:02:32 (969 turns).

Fang the Fighter (Gargoyle Berserker)                Turns: 969, Time: 00:02:33

Health: -10/72     AC: 41    Str: 30    XL:     10   Next: 2%
Magic:  10/10      EV: 12    Int:  8    God:    Trog [*****.]
Gold:   0          SH:  0    Dex:  9    Spells: 9/9 levels left

rFire    + . .     SeeInvis .   j - +5 executioner's axe (chop)
rCold    . . .     Gourm    .   (shield currently unavailable)
rNeg     + . .     Faith    .   k - +15 Maxwell's patent armour {-Cast -Tele rElec MR+ rCorr}
rPois    ∞         Spirit   .   (no helmet)
rElec    +         Reflect  .   (no cloak)
rCorr    +         Harm     .   (no gloves)
MR       +....     NoTele   +   B - +2 pair of boots {Stlth+} Stlth ..........NoCast +
                                (no amulet)
HPRegen  0.22/turn              D - +6 ring of strength
MPRegen  0.12/turn              z - ring of Linearity {+Fly rElec rPois rF+}

@: berserk cooldown, slowed, very slow
A: negative energy resistance 1, electricity resistance, unbreathing,
petrification resistance, rot immunity, AC +7
a: Berserk, Trog's Hand, Brothers in Arms, Renounce Religion, Evoke Flight


You were in the Dungeon.
You worshipped Trog.
Trog was extremely pleased with you.
You were hungry.

You visited 1 branch

Inventory:

Hand Weapons
 a - a +5 battleaxe
 b - a +5 broad axe
 j - a +5 executioner's axe of chopping (weapon)
Armour
 k - the +15 Maxwell's patent armour (worn) {-Cast -Tele rElec MR+ rCorr}
   (You found it in the Dungeon)

   It insulates you from electricity.
   It affects your resistance to hostile enchantments.
   It prevents spellcasting.
   It prevents most forms of teleportation.
   It provides partial protection from all sources of acid and corrosion.
 B - a +2 pair of boots of stealth (worn)
Jewellery
 z - the ring of Linearity (right hand) {+Fly rElec rPois rF+}
   (You found it in the Dungeon)

   [ring of poison resistance]

   It protects you from fire.
   It insulates you from electricity.
   It protects you from poison.
   It lets you fly.
 D - a +6 ring of strength (left hand)
 E - a +6 ring of strength
Wands
 w - a wand of disintegration (7)
 x - a wand of iceblast (7)
 y - a wand of acid (7)
Scrolls
 i - 4 scrolls of blinking
 l - 7 scrolls of fog
 m - a scroll of holy word
 n - 5 scrolls of identify
 o - 5 scrolls of remove curse
 p - 2 scrolls of fear
Potions
 d - 10 potions of curing
 e - 10 potions of heal wounds
 f - 6 potions of haste
 g - 7 potions of magic
 h - 3 potions of berserk rage
 q - 2 potions of brilliance
 r - 2 potions of invisibility
 s - 4 potions of resistance
 t - a potion of experience
 u - 5 potions of agility
 v - 5 potions of might
Comestibles
 c - 7 rations
 A - 10 chunks of flesh


   Skills:
 + Level 12.6 Fighting
 + Level 10.8 Axes
 + Level 12.4 Armour
 + Level 9.8 Dodging


You had 9 spell levels left.
You didn't know any spells.
Your spell library was empty.

Dungeon Overview and Level Annotations

Branches:
Dungeon (1/1)

Altars:
Ashenzari
Cheibriados
Dithmenos
Elyvilon
Fedhas
Gozag
Hepliaklqana
Kikubaaqudgha
Makhleb
Nemelex Xobeh
Okawaru
Qazlal
Ru
Sif Muna
Trog
Uskayaw
Vehumet
Wu Jian
Xom
Yredelemnul
Zin
The Shining One
Beogh
Jiyva
Lugonu

Annotations:
D 1 transporter


Innate Abilities, Weirdness & Mutations

You are resistant to torment.
Your stone body is resilient. (AC +7)
You are immune to poison.
You resist negative energy. (rN+)
You are resistant to electric shocks. (rElec)
You can survive without breathing.
You are immune to petrification.
You are immune to rotting.


Message History

You feel as though you will be slow longer.
The black mamba bites you but does no damage.
The yaktaur unwields a +0 arbalest.
The yaktaur hits you but does no damage.
The black mamba completely misses you. The freezing wraith hits you!
The freezing wraith freezes you!
* * * LOW HITPOINT WARNING * * *
The freezing wraith hits you!
* * * LOW HITPOINT WARNING * * *
The freezing wraith drains your vigour!
You feel as though you will be slow longer.
You hit the freezing wraith but do no damage.
The freezing wraith is moderately damaged.
You hit the yaktaur. You hit the black mamba. The black mamba bites you.
* * * LOW HITPOINT WARNING * * *
The black mamba bites you but does no damage.
The yaktaur barely misses you. The freezing wraith hits you.
* * * LOW HITPOINT WARNING * * *
The freezing wraith freezes you!
You die...

▓▓▓▓▓▓▓▓▓
▓..8©8..▓
▓..}!}..▓
▓..[=)..▓
▓.......▓
▓.......▓
▓.......▓
▓..WSc..▓
▓.▓.@.▓.▓
▓...©...▓
▓▓▓▓▓▓▓▓▓


You could see a yaktaur, a freezing wraith and a black mamba.

Vanquished Creatures
  A vault guard (D)
  A harpy (D)
  A jumping spider (D)
  4 wind drakes (D)
  A spriggan (D)
  An air elemental (D)
  3 tarantellas (D)
  An insubstantial wisp (D)
  2 hell hounds (D)
  A wolf (D)
  5 scorpions (D)
  2 adders (D)
  An adder skeleton (D)
  A ball python (D)
  A leopard gecko simulacrum (D)
  A leopard gecko skeleton (D)
27 creatures vanquished.

Notes
Turn   | Place    | Note
-------+----------+-------------------------------------------
     0 | D        | Found the +6 Majin-Bo {vamp, Archmagi MP+6 Int+6}
     0 | D        | Found the +7 great mace "Firestarter" {inner flame, rF++}
     0 | D        | Fang the Gargoyle Berserker began the quest for the Orb.
     0 | D        | Reached XP level 1. HP: 14/14 MP: 1/1
     1 | D        | Found a blossoming altar of Fedhas.
     2 | D        | Found a viscous altar of Jiyva.
     2 | D        | Found a transporter.
     2 | D        | Found a hazy altar of Hepliaklqana.
     2 | D        | Found an ancient bone altar of Kikubaaqudgha.
     2 | D        | Found an opulent altar of Gozag.
     2 | D        | Found a corrupted altar of Lugonu.
    10 | D        | Found a burning altar of Makhleb.
    12 | D        | Found a stormy altar of Qazlal.
    12 | D        | Found an iron altar of Okawaru.
    12 | D        | Found a sacrificial altar of Ru.
    12 | D        | Found a sparkling altar of Nemelex Xobeh.
    12 | D        | Found a deep blue altar of Sif Muna.
    12 | D        | Found a bloodstained altar of Trog.
    18 | D        | Found the +9 heavy crossbow "Sniper" {velocity, Acc+∞ SInv}
    18 | D        | Found the +10 dark maul {crush}
    18 | D        | Found the +15 Maxwell's patent armour {-Cast -Tele rElec
                  | MR+ rCorr}
    18 | D        | Found the +18 shield of the Gong {rElec rN+ MR+ EV-5}
    18 | D        | Found the cursed +14 obsidian axe {chop, +Fly SInv *Curse}
    75 | D        | Entered arena 2.
    75 | D        | Noticed a wolf
    75 | D        | Noticed a spriggan
    75 | D        | Found a transporter.
    85 | D        | Killed a wolf
    85 | D        | Reached skill level 5 in Fighting
    85 | D        | Reached XP level 2. HP: 8/21 MP: 2/2
    85 | D        | Reached XP level 3. HP: 11/26 MP: 3/3
    85 | D        | Reached XP level 4. HP: 13/31 MP: 4/4
    90 | D        | Killed a spriggan
    90 | D        | Reached skill level 5 in Dodging
    90 | D        | Reached XP level 5. HP: 16/38 MP: 5/5
    90 | D        | Reached XP level 6. HP: 18/44 MP: 6/6
   329 | D        | Entered arena 3.
   329 | D        | Found a transporter.
   332 | D        | Reached ** piety under Trog
   343 | D        | Got the ring of Linearity {+Fly rElec rPois rF+}
   358 | D        | Entered arena 4.
   358 | D        | Noticed a hell hound
   358 | D        | Noticed a hell hound
   358 | D        | Found a transporter.
   362 | D        | Killed a hell hound
   362 | D        | Reached *** piety under Trog
   365 | D        | Killed a hell hound
   365 | D        | Reached XP level 7. HP: 50/50 MP: 7/7
   423 | D        | Entered arena 5.
   423 | D        | Noticed a tarantella
   423 | D        | Found a transporter.
   427 | D        | Killed a tarantella
   428 | D        | Reached **** piety under Trog
   496 | D        | Entered arena 6.
   496 | D        | Noticed a tarantella
   496 | D        | Noticed a jumping spider
   496 | D        | Noticed a tarantella
   496 | D        | Found a transporter.
   500 | D        | Reached XP level 8. HP: 50/57 MP: 8/8
   505 | D        | Killed a tarantella
   505 | D        | Reached ***** piety under Trog
   505 | D        | Reached skill level 10 in Fighting
   515 | D        | Killed a tarantella
   515 | D        | Reached skill level 10 in Armour
   529 | D        | Killed a jumping spider
   529 | D        | Received a gift from Trog
   821 | D        | Entered arena 7.
   821 | D        | Noticed a wind drake
   821 | D        | Noticed a wind drake
   821 | D        | Noticed a wind drake
   821 | D        | Noticed an air elemental
   821 | D        | Noticed a wind drake
   822 | D        | Found a transporter.
   824 | D        | Killed an air elemental
   831 | D        | Killed a wind drake
   831 | D        | Reached XP level 9. HP: 64/64 MP: 9/9
   832 | D        | Killed a wind drake
   834 | D        | Killed a wind drake
   834 | D        | Killed a wind drake
   834 | D        | Reached skill level 10 in Axes
   957 | D        | Entered arena 8.
   957 | D        | Noticed a freezing wraith
   957 | D        | Noticed a black mamba
   957 | D        | Noticed a vault guard
   957 | D        | Noticed a yaktaur
   957 | D        | Noticed a harpy
   958 | D        | Found a transporter.
   965 | D        | Killed a harpy
   967 | D        | Killed a vault guard
   967 | D        | Reached XP level 10. HP: 46/72 MP: 10/10
   969 | D        | HP: 3/72 [freezing wraith (2)]
   969 | D        | Mangled by a freezing wraith

Skill      XL: |  1  2  3  4  5  6  7  8  9 |
---------------+----------------------------+-----
Fighting       | 5 7 8 9 11 12 | 12.6
Axes           | 4 6 7 8 9 10 | 10.8
Armour         | 4 6 8 9 11 12 | 12.4
Dodging        | 3 5 6 7 8 9 |  9.8

Action                   |  1- 3 |  4- 6 |  7- 9 | 10-12 || total
-------------------------+-------+-------+-------+-------++-------
Melee: Battleaxe         |     9 |    16 |     5 |       ||    30
       Executioner's axe |       |       |    30 |     2 ||    32
Invok: Berserk           |     1 |     1 |     3 |       ||     5
  Use: Scroll            |       |       |     1 |       ||     1
  Eat: Chunk             |       |       |     4 |       ||     4
Armor: Plate armour      |    10 |    18 |    89 |     8 ||   125
Dodge: Dodged            |     8 |    11 |    61 |     4 ||    84
